 Dungeon Crawl Stone Soup version 0.31-a0-361-g0f8bd3a31e (webtiles) character file.

Game seed: 5865907243547743337

1199 AdnanSaban the Cudgeller (level 8, -1/49 HPs)
             Began as a Gargoyle Fighter on July 27, 2023.
             Was an Initiate of Okawaru.
             Slain by an orc warrior
             ... wielding a +0 glaive
              (6 damage)
             ... on level 6 of the Dungeon.
             The game lasted 00:06:30 (4691 turns).

AdnanSaban the Cudgeller (Gargoyle Fighter)         Turns: 4691, Time: 00:06:30

Health: -1/49      AC: 20    Str: 27    XL:     8   Next: 44%
Magic:  8/8        EV:  7    Int: 10    God:    Okawaru [......]
Gold:   400        SH:  4    Dex:  9    Spells: 7/7 levels left

rFire   . . .        a - +0 flail
rCold   . . .        c - +0 buckler
rNeg    + . .        m - +0 plate armour
rPois   ∞            p - +1 hat
rElec   +            (no cloak)
rCorr   .            h - +0 pair of gloves
SInv    .            (no boots)
Will    .....        x - amulet of the acrobat Stlth
                     j - +6 ring of strength
HPRegen 0.28/turn    (no ring)
MPRegen 0.11/turn

%: acrobat
@: no status effects
A: sickness immunity, AC +5, negative energy resistance 1, electricity
resistance, torment resistance 1, petrification resistance
a: Renounce Religion


You were on level 6 of the Dungeon.
You worshipped Okawaru.
Okawaru was noncommittal.
You visited 2 branches of the dungeon, and saw 7 of its levels.

You collected 400 gold pieces.

Inventory:

Hand Weapons
 a - a +0 flail (weapon)
Missiles
 i - 8 curare-tipped darts
 t - 2 throwing nets
 w - 2 silver javelins
Armour
 c - a +0 buckler (worn)
 h - a +0 pair of gloves (worn)
 m - a +0 plate armour (worn)
 p - a +1 hat (worn)
Jewellery
 j - a +6 ring of strength (left hand)
 x - an amulet of the acrobat (around neck)
 B - a ring of flight
Wands
 o - a wand of light (6)
 s - a wand of flame (12)
Scrolls
 b - 7 scrolls of identify {unknown}
 k - 2 scrolls of amnesia {unknown}
 l - a scroll of enchant armour {unknown}
 q - 2 scrolls of noise {unknown}
 y - a scroll of poison {unknown}
 z - 2 scrolls of blinking {unknown}
 A - a scroll of teleportation {unknown}
Potions
 d - 3 potions of might
 e - 3 potions of brilliance {unknown}
 f - 3 potions of lignification {unknown}
 g - a potion of curing {unknown}
 n - 2 potions of berserk rage {unknown}
 r - a potion of enlightenment {unknown}
 u - a potion of resistance {unknown}
 v - a potion of cancellation {unknown}


   Skills:
 + Level 5.3 Fighting
 + Level 7.2 Maces & Flails
 + Level 0.1 Throwing
 + Level 5.4 Armour
 + Level 0.8 Dodging
 + Level 5.3 Shields


You had 7 spell levels left.
You didn't know any spells.
Your spell library contained the following spells:

 Spells                   Type           Power      Damage    Failure   Level
 Sandblast                Erth           0%         2d4       99%         1
 Shock                    Conj/Air       0%         1d3       99%         1
 Lesser Beckoning         Tloc           0%         N/A       100%        2
 Passwall                 Tmut/Erth      0%         N/A       100%        2
 Gell's Gravitas          Tloc           0%         N/A       100%        3
 Stone Arrow              Conj/Erth      0%         3d7       100%        3
 Swiftness                Air            0%         N/A       100%        3
 Teleport Other           Tloc           0%         N/A       100%        3
 Airstrike                Air            0%         2d(0-16)  100%        4
 Summon Small Mammal      Summ           Unusable   N/A       N/A         1
 Call Canine Familiar     Summ           Unusable   N/A       N/A         3
 Summon Guardian Golem    Hex/Summ       Unusable   N/A       N/A         3

Dungeon Overview and Level Annotations

Branches:
Dungeon (6/15)             Temple (1/1) D:4

Altars:
Ashenzari
Dithmenos
Elyvilon
Fedhas
Gozag
Hepliaklqana
Kikubaaqudgha
Nemelex Xobeh
Okawaru
Qazlal
Ru
Sif Muna
Trog
Uskayaw
Vehumet
Wu Jian
Xom
Zin
The Shining One

Shops:
D:2 :

Annotations:
D:3 Eustachio


Innate Abilities, Weirdness & Mutations

You are immune to sickness and miasma.
Your stone body is resilient. (AC +5)
You are immune to poison.
You resist negative energy. (rN+)
You are resistant to electric shocks. (rElec)
You are resistant to unholy torment.
You are immune to petrification.


Message History

The orc warrior hits you from afar with a +0 glaive.
You hit the orc.
The orc is heavily wounded.
The orc warrior hits you but does no damage.
The orc hits you but does no damage.
You closely miss the orc.
The orc is heavily wounded.
The orc warrior hits you but does no damage.
The orc hits you with a +0 short sword.
You sock the orc!
You kill the orc!
Okawaru accepts your kill.
The orc warrior hits you from afar with a +0 glaive.
The orc warrior completely misses you.
Items here: ( )) [ †.
You hit the orc warrior but do no damage.
The orc warrior barely misses you.
You closely miss the orc warrior.
The orc warrior hits you with a +0 glaive.
You barely miss the orc warrior.
The orc warrior hits you with a +0 glaive.
You hit the orc warrior but do no damage.
The orc warrior hits you but does no damage.
You hit the orc warrior but do no damage.
The orc warrior hits you with a +0 glaive.
* * * LOW HITPOINT WARNING * * *
You barely miss the orc warrior.
The orc warrior hits you but does no damage.
You thump the orc warrior!
The orc warrior is moderately wounded.
The orc warrior hits you with a +0 glaive.
* * * LOW HITPOINT WARNING * * *
You sock the orc warrior!
The orc warrior is heavily wounded.
The orc warrior hits you with a +0 glaive.
* * * LOW HITPOINT WARNING * * *
You closely miss the orc warrior.
The orc warrior is heavily wounded.
The orc warrior hits you with a +0 glaive.
You die...

#...# #)##.# #...##.......##
#.########(##.#
###.##.########
#....##.......# #...##.# #
####.##.##.#### #.#....# ###
# #.##.#.....# #.#.####
#.####
#.##....##.####.#.#..###...#
#.####.###......#......#.#.#
#......# ###.#.......#.#.#.##
######## #@###.........#...
##o....#...#.#....#
#............#.##..
#............#...#.
###########............###.#.
#......................# #.#.
#.....)................# #.#.
#....)........########## #.#.
#.............# #.+.


You could see an orc warrior.

Vanquished Creatures
  An orc warrior (D:6)
  An ice beast (D:6)
  2 centaurs
  A gnoll sergeant (D:5)
  A bullfrog (D:5)
  Blork the orc (D:5)
  A howler monkey (D:5)
  An orc priest (D:6)
  2 hounds
  2 jellies
  2 sleepcaps
  Ijyb (D:4)
  Terence (D:3)
  3 orc wizards (D:5)
  8 gnolls
  8 adders
  2 dart slugs
  2 worms (D:3)
  32 orcs
  3 bat zombies (D:5)
  9 endoplasms
  6 giant cockroaches
  4 goblins
  6 hobgoblins
  3 jackals (D:1)
  6 kobolds
  A quokka (D:2)
  7 ball pythons
  9 bats
  2 frilled lizards
  9 rats
  2 rat zombies (D:5)
139 creatures vanquished.

Vanquished Creatures (others)
  An orc (D:3)
  A quokka (D:3)
2 creatures vanquished.

Grand Total: 141 creatures vanquished

Notes
Turn   | Place    | Note
-------+----------+-------------------------------------------
     0 | D:1      | AdnanSaban the Gargoyle Fighter began the quest for the
                  | Orb.
     0 | D:1      | Reached XP level 1. HP: 14/14 MP: 1/1
   119 | D:1      | Reached XP level 2. HP: 15/19 MP: 2/2
   425 | D:1      | Reached XP level 3. HP: 17/24 MP: 3/3
   911 | D:2      | Reached XP level 4. HP: 27/29 MP: 4/4
  1064 | D:2      | Found Yhin's Book Emporium.
  1096 | D:2      | Noticed a golden eye
  1098 | D:2      | Found a faded altar of an unknown god.
  1115 | D:2      | Noticed a great orb of eyes
  1121 | D:2      | Noticed a golden eye
  1131 | D:2      | Noticed a floating eye
  1252 | D:2      | Reached skill level 3 in Maces & Flails
  1471 | D:3      | Identified the +5 dagger of Moderation {drain, Will+}
  1488 | D:3      | Found a blossoming altar of Fedhas.
  1535 | D:3      | Noticed a centaur
  1549 | D:3      | Killed a centaur
  1550 | D:3      | Reached XP level 5. HP: 29/33 MP: 5/5
  1614 | D:3      | Found a white marble altar of Elyvilon.
  1647 | D:3      | Noticed Terence
  1665 | D:3      | Killed Terence
  1666 | D:3      | Reached skill level 4 in Maces & Flails
  2085 | D:4      | Reached XP level 6. HP: 39/39 MP: 6/6
  2099 | D:4      | Found a bloodstained altar of Trog.
  2101 | D:4      | Noticed Eustachio
  2209 | D:4      | Found a staircase to the Ecumenical Temple.
  2215 | Temple   | Entered the Ecumenical Temple
  2578 | D:4      | Noticed Ijyb
  2590 | D:4      | Killed Ijyb
  2802 | D:5      | Entered Level 5 of the Dungeon
  3189 | D:5      | Reached skill level 5 in Maces & Flails
  3189 | D:5      | Reached XP level 7. HP: 43/44 MP: 7/7
  3196 | D:5      | Reached skill level 5 in Armour
  3279 | D:5      | Noticed Blork the orc
  3289 | D:5      | Killed Blork the orc
  3650 | D:5      | Reached skill level 6 in Maces & Flails
  3742 | D:5      | Reached skill level 5 in Fighting
  3742 | D:5      | Reached XP level 8. HP: 42/49 MP: 8/8
  3933 | D:5      | Found an ancient bone altar of Kikubaaqudgha.
  4037 | D:6      | Reached skill level 5 in Shields
  4183 | D:6      | Found an iron altar of Okawaru.
  4209 | D:6      | Became a worshipper of Warmaster Okawaru
  4329 | D:6      | Reached skill level 7 in Maces & Flails
  4515 | D:6      | Found a sacrificial altar of Ru.
  4516 | D:6      | Found a glowing silver altar of Zin.
  4518 | D:6      | Found an opulent altar of Gozag.
  4691 | D:6      | Slain by an orc warrior

Illustrated notes

Levels and vault maps discovered:
D:1:      minmay_arrival_wavy_path, layout_rooms,
          hangedman_abyss_or_decor_lesser_grid
D:2:      layout_rooms, serial_shops, nicolae_shop_tiny_real_fake_doors,
          hellmonk_ecumenical_altar_watching_god
D:3:      layout_basic, elyvilon_altar_4, lemuel_crystal_altar,
          minmay_misc_feat_rows, minmay_gold_behind_fungi, st_stairs_1,
          uniq_terence
D:4:      layout_cave_pools, old_standard_altar, minmay_temple_entry_mist,
          nrook_campfire, kennysheep_boxes, uniq_ijyb, uniq_eustachio
D:5:      layout_loops_ring, lemuel_zombie_altar_kikubaaqudgha,
          uniq_blork_the_orc
D:6:      layout_basic, chequers_temple_overflow_statue_of_worship,
          okawaru_gym_becter
Temple:   minmay_freezing_vapour_temple

Skill      XL: |  1  2  3  4  5  6  7  8 |
---------------+-------------------------+-----
Fighting       | 4 5 |  5.3
Maces & Flails | 3 4 5 6 7 |  7.2
Armour         | 4 5 |  5.4
Shields        | 4 5 |  5.3
Throwing       | |  0.1
Dodging        | |  0.8

Action                     |  1- 3 |  4- 6 |  7- 9 || total
---------------------------+-------+-------+-------++-------
  Melee: Flail             |   127 |   276 |   226 ||   629
  Throw: Dart              |       |       |     2 ||     2
 Armour: Scale mail        |    79 |       |       ||    79
         Chain mail        |    23 |    68 |       ||    91
         Plate armour      |       |   156 |   169 ||   325
  Dodge: Dodged            |    99 |   110 |    98 ||   307
  Block: Buckler           |    38 |    95 |    66 ||   199

Table legend: (Time is in decaauts)
 A = Elapsed time spent in this place.
 B = Non-inter-level travel time spent in this place.
 C = Inter-level travel time spent in this place.
 D = Time resting spent in this place.
 E = Time spent auto-exploring this place.
 F = Levels seen in this place.
 G = Mean time per level.
                   A        B        C        D        E       F      G
               +--------+--------+--------+--------+--------+-----+--------+
         Total |   4858 |   4661 |    197 |    120 |   3256 |   7 |  694.0 |
       Dungeon |   4856 |   4659 |    197 |    120 |   3256 |   6 |  809.3 |
        Temple |      1 |      1 |      0 |      0 |      0 |   1 |    1.0 |
               +--------+--------+--------+--------+--------+-----+--------+

Top non-repeatable levels by time:
     D:5: 1138 daAuts
     D:4: 839 daAuts
     D:3: 795 daAuts
     D:1: 721 daAuts
     D:6: 689 daAuts
     D:2: 672 daAuts
  Temple: 1 daAuts
